 Dungeon Crawl Stone Soup version 0.28.0-47-ge53b351184 (webtiles) character file.

Game seed: 18349344276736784065

2821 safyre the Destroyer (level 9, -6/66 HPs)
             Began as a Gnoll Conjurer on Apr 25, 2022.
             Was an Initiate of Sif Muna.
             Mangled by an orc warrior
             ... wielding a +0 dire flail
              (25 damage)
             ... on level 7 of the Dungeon.
             The game lasted 00:56:13 (8988 turns).

safyre the Destroyer (Gnoll Conjurer)               Turns: 8988, Time: 00:56:14

Health: -6/66      AC:  7    Str:  6    XL:     9   Next: 73%
Magic:  12/19      EV: 14    Int: 27    God:    Sif Muna [......]
Gold:   184        SH:  0    Dex: 12    Spells: 10/21 levels left

rFire   + . .      SeeInvis .   G - staff of fire
rCold   . . .      Faith    +   (no shield)
rNeg    . . .      Spirit   .   i - +2 robe {Will+}
rPois   .          Reflect  .   (no helmet)
rElec   .          Harm     .   v - +2 cloak
rCorr   .          Rampage  .   (no gloves)
Will    +....                   (no boots)
Stlth   +++.......              m - amulet of faith
HPRegen 0.21/turn               g - ring of flight
MPRegen 0.16/turn               b - +6 ring of intelligence

@: about to teleport, flying
A: fangs 1, strong nose, distributed training
a: Renounce Religion


You were on level 7 of the Dungeon.
You worshipped Sif Muna.
Sif Muna was noncommittal.
You visited 2 branches of the dungeon, and saw 8 of its levels.
You also visited: Sewer.

You collected 440 gold pieces.
You spent 256 gold pieces at shops.

Inventory:

Hand Weapons
 o - a +1 trident of freezing
 s - a +0 falchion of holy wrath
 A - a +2 dagger of protection
 E - a +1 vorpal mace
Armour
 i - a +2 robe of willpower (worn)
 v - a +2 cloak (worn)
Magical Staves
 u - a staff of earth
 G - a staff of fire (weapon)
Jewellery
 b - a +6 ring of intelligence (right hand)
 f - a +4 ring of protection
 g - a ring of flight (left hand)
 m - an amulet of faith (around neck)
 p - a +4 ring of protection
 H - a ring of resist corrosion
Wands
 t - a wand of paralysis (10)
Scrolls
 a - a scroll of magic mapping
 c - 3 scrolls of amnesia
 d - 3 scrolls of teleportation
 e - a scroll of brand weapon
 j - 5 scrolls of fog
 l - a scroll of noise {unknown}
 n - a scroll of vulnerability
 q - a scroll of immolation
 r - a scroll of summoning {unknown}
 y - a scroll of blinking {unknown}
 C - a scroll of enchant weapon
Potions
 h - 2 potions of curing
 k - a potion of magic
 x - a potion of degeneration {unknown}
 z - a potion of berserk rage {unknown}
 B - a potion of flight {unknown}
 D - a potion of might {unknown}
 F - a potion of brilliance {unknown}
 I - a potion of resistance {unknown}
Miscellaneous
 w - a phial of floods


   Skills:
 + Level 4.5 Fighting
 + Level 4.5 Short Blades
 + Level 4.5 Long Blades
 + Level 4.5 Axes
 + Level 4.5 Maces & Flails
 + Level 4.5 Polearms
 + Level 4.5 Staves
 + Level 4.5 Slings
 + Level 4.5 Bows
 + Level 4.5 Crossbows
 + Level 4.5 Throwing
 + Level 4.5 Armour
 + Level 6.5 Dodging
 + Level 6.2 Stealth
 + Level 4.5 Shields
 + Level 4.5 Unarmed Combat
 + Level 6.8 Spellcasting
 + Level 8.1 Conjurations
 + Level 3.7 Hexes
 + Level 3.7 Summonings
 + Level 3.7 Necromancy
 + Level 3.7 Translocations
 + Level 3.7 Transmutations
 + Level 3.7 Fire Magic
 + Level 3.7 Ice Magic
 + Level 3.7 Air Magic
 + Level 3.7 Earth Magic
 + Level 3.7 Poison Magic
 + Level 5.0 Invocations
 + Level 4.5 Evocations


You had 10 spell levels left.
You knew the following spells:

 Your Spells              Type           Power      Damage    Failure   Level
a - Magic Dart            Conj           100%       1d8       1%          1
b - Searing Ray           Conj           100%       2d8       1%          2
c - Foxfire               Conj/Fire      100%       2x1d9     1%          1
d - Animate Skeleton      Necr           58%        N/A       1%          1
e - Passwall              Tmut/Erth      24%        N/A       1%          2
f - Flame Wave            Conj/Fire      58%        2d11      5%          4

Your spell library contained the following spells:

 Spells                   Type           Power      Damage    Failure   Level
 Ensorcelled Hibernation  Hex/Ice        58%        N/A       1%          2
 Conjure Flame            Conj/Fire      58%        6-21      1%          3
 Dazzling Flash           Conj/Hex       82%        N/A       1%          3
 Gell's Gravitas          Tloc           29%        N/A       3%          3
 Inner Flame              Hex/Fire       44%        N/A       3%          3
 Lesser Beckoning         Tloc           29%        N/A       3%          3
 Swiftness                Air            29%        N/A       3%          3
 Teleport Other           Tloc           29%        N/A       3%          3
 Tukima's Dance           Hex            29%        N/A       3%          3
 Fulminant Prism          Conj/Hex       20%        3d13      5%          4
 Iskenderun's Mystic Bla  Conj/Tloc      41%        2d9       5%          4
 Sticky Flame             Conj/Fire      58%        2d7       5%          4
 Anguish                  Hex/Necr       14%        N/A       13%         4
 Borgnjor's Vile Clutch   Necr/Erth      14%        N/A       34%         5
 Enfeeble                 Hex            14%        N/A       100%        7


Dungeon Overview and Level Annotations

Branches:
Dungeon (7/15)             Temple (1/1) D:6           Sewer (visited)

Altars:
Cheibriados
Elyvilon
Fedhas
Gozag
Hepliaklqana
Makhleb
Nemelex Xobeh
Qazlal
Ru
Sif Muna
Trog
Uskayaw
Wu Jian
Yredelemnul
Zin
The Shining One
Beogh

Shops:
D:2 [   D:5 **(:[

Annotations:
D:7 cookedgoose's ghost, novice FoEE


Innate Abilities, Weirdness & Mutations

You have very sharp teeth.
Your uncanny sense of smell can sniff out nearby items.
Your experience applies equally to all skills.


Message History

The searing ray misses the orc.
The orc warrior hits you with a +0 dire flail!
The orc warrior hits you with a +0 dire flail!!
* * * LOW HITPOINT WARNING * * *
The orc priest casts a cantrip, but nothing happens.
Okay, then.
As you read the scroll of teleportation, it crumbles to dust.
You feel strangely unstable.
Cookedgoose's ghost says, "A rolling stone gathers plenty of safyre."
The orc warrior barely misses you.
Okay, then.
Casting: Searing Ray (safe; 1% risk of failure)
Confirm with . or Enter, or press ? or * to list all spells.
Aiming: Searing Ray (safe; 1% risk of failure)
Press: ? - help, Shift-Dir - straight line, f - orc
Aim: an orc, wielding a +3 short sword and wearing a +0 ring mail (85% to hit)
The searing ray misses the orc warrior.
The searing ray misses the orc priest.
The searing ray misses the orc. (Press . to maintain the ray.)
The searing ray hits the orc.
The orc is severely wounded.
The searing ray hits the orc priest!
You kill the orc priest!
Sif Muna accepts your kill.
The searing ray hits the orc!
You kill the orc!
Sif Muna accepts your kill. The orc warrior misses you.
Casting: Searing Ray (safe; 1% risk of failure)
Confirm with . or Enter, or press ? or * to list all spells.
Restarting spell: Searing Ray (safe; 1% risk of failure)
Press: ? - help, Shift-Dir - straight line, f - orc
Aim: an orc, wielding a +0 whip (severely wounded, 83% to hit)
The searing ray hits the orc warrior but does no damage.
The searing ray hits the orc!
You kill the orc!
Sif Muna accepts your kill. (Press . to maintain the ray.)
The orc warrior hits you with a +0 dire flail!!
You die...

.## #..# ##. .# ##.## ##.. ##
#..# ##... # #..# ########....
# ##.# #.........(. # #.##
#.#######...
#..######.#######...
#..o.))..........#..
##8@o))W........8##.
#############'''########.
#########......#..o..........#
##
...........>...#....#####....#
##
....############.###..oo.###.#
#) ##### #.#8#..8..#8#.###.
#.............##..
#8....[_[)...8#..# #
##########...


You could see 2 orc warriors, cookedgoose's ghost and 2 orcs.

Vanquished Creatures
  A meliai zombie (D:6)
  Grinder (D:3)
  Sigmund (D:4)
  A wraith (D:7)
  A water moccasin (D:6)
  2 orc warriors
  Pargi (Sewer)
  A black bear (D:7)
  3 ice beasts
  2 ogres
  2 phantoms
  A kobold brigand (D:7)
  A scorpion (D:7)
  A water moccasin zombie (D:6)
  2 howler monkeys
  A vampire bat (D:3)
  A bullfrog zombie (D:7)
  A centaur zombie (D:5)
  2 hounds (D:7)
  An orc priest (D:7)
  A gnoll shaman (D:6)
  Jessica (D:3)
  An iguana (D:6)
  Natasha (thrice) (D:3)
  4 orc wizards
  2 hound skeletons
  A hound zombie (D:5)
  A howler monkey zombie (D:6)
  3 adders
  10 gnolls
  2 worms
  3 fire bats (D:3)
  31 orcs
  2 spectral bats (D:3)
  5 ball pythons
  16 bats
  3 bat skeletons (D:3)
  A bat zombie (D:3)
  3 endoplasms
  5 giant cockroaches
  13 goblins
  14 hobgoblins
  2 jackals (D:2)
  3 quokkas
  A bat simulacrum (D:3)
  7 frilled lizards
  17 kobolds
  6 rats
188 creatures vanquished.

Vanquished Creatures (others)
  52 foxfires
  2 plants (D:5)
54 creatures vanquished.

Grand Total: 242 creatures vanquished

Notes
Turn   | Place    | Note
-------+----------+-------------------------------------------
     0 | D:1      | safyre the Gnoll Conjurer began the quest for the Orb.
     0 | D:1      | Reached XP level 1. HP: 13/13 MP: 6/6
   294 | D:1      | Reached XP level 2. HP: 19/19 MP: 3/7
   297 | D:1      | Learned a level 2 spell: Searing Ray
   835 | D:2      | Found Qogykogh's Antique Armour Shoppe.
   907 | D:2      | Bought a runed robe for 88 gold pieces
   956 | D:2      | Reached XP level 3. HP: 18/25 MP: 1/9
  1132 | D:2      | Reached skill level 5 in Spellcasting
  1638 | D:3      | Reached skill level 1 in Invocations
  1670 | D:3      | Noticed Jessica
  1674 | D:3      | Killed Jessica
  1675 | D:3      | Reached skill level 1 in Fighting
  1675 | D:3      | Reached skill level 1 in Short Blades
  1675 | D:3      | Reached skill level 1 in Long Blades
  1675 | D:3      | Reached skill level 1 in Axes
  1675 | D:3      | Reached skill level 1 in Maces & Flails
  1675 | D:3      | Reached skill level 1 in Polearms
  1675 | D:3      | Reached skill level 1 in Staves
  1675 | D:3      | Reached skill level 1 in Slings
  1675 | D:3      | Reached skill level 1 in Bows
  1675 | D:3      | Reached skill level 1 in Crossbows
  1675 | D:3      | Reached skill level 1 in Throwing
  1675 | D:3      | Reached skill level 1 in Armour
  1675 | D:3      | Reached skill level 1 in Shields
  1675 | D:3      | Reached skill level 1 in Unarmed Combat
  1675 | D:3      | Reached skill level 1 in Evocations
  1675 | D:3      | Reached XP level 4. HP: 15/32 MP: 4/11
  1800 | D:3      | Noticed Natasha
  1807 | D:3      | Killed Natasha
  1808 | D:3      | Reached skill level 1 in Hexes
  1808 | D:3      | Reached skill level 1 in Summonings
  1808 | D:3      | Reached skill level 1 in Necromancy
  1808 | D:3      | Reached skill level 1 in Translocations
  1808 | D:3      | Reached skill level 1 in Transmutations
  1808 | D:3      | Reached skill level 1 in Fire Magic
  1808 | D:3      | Reached skill level 1 in Ice Magic
  1808 | D:3      | Reached skill level 1 in Air Magic
  1808 | D:3      | Reached skill level 1 in Earth Magic
  1808 | D:3      | Reached skill level 1 in Poison Magic
  1838 | D:3      | Found a glowing drain.
  1858 | D:3      | Noticed Grinder
  1866 | Sewer    | Entered a sewer
  1982 | Sewer    | Noticed Pargi
  1991 | Sewer    | Killed Pargi
  1992 | Sewer    | Reached XP level 5. HP: 12/37 MP: 0/12
  2123 | D:3      | Killed Grinder
  2124 | D:3      | Reached skill level 5 in Dodging
  2124 | D:3      | Reached XP level 6. HP: 32/44 MP: 2/14
  2155 | D:3      | Noticed Natasha
  2165 | D:3      | Killed Natasha
  2169 | D:3      | Noticed Natasha
  2180 | D:3      | Killed Natasha
  2348 | D:3      | Reached XP level 7. HP: 50/50 MP: 6/15
  3527 | D:4      | Noticed Sigmund
  3536 | D:4      | Killed Sigmund
  3537 | D:4      | Reached skill level 5 in Stealth
  3786 | D:4      | Reached XP level 8. HP: 35/57 MP: 8/16
  4264 | D:5      | Entered Level 5 of the Dungeon
  4356 | D:5      | Learned a level 1 spell: Foxfire
  4373 | D:5      | Found Meesuvill's Assorted Antiques.
  4376 | D:5      | Bought a scroll labelled ZIENEN FIEDGHIA for 28 gold pieces
  4376 | D:5      | Bought a runed dagger for 140 gold pieces
  4467 | D:5      | Found Enle's Antique Armour Emporium.
  4484 | D:5      | Got the Handbook of Unholy Heat
  4488 | D:5      | Learned a level 1 spell: Animate Skeleton
  5147 | D:5      | Learned a level 2 spell: Passwall
  5195 | D:5      | Found Enwat's Weapon Shoppe.
  5271 | D:5      | Found Ylicipt's Book Boutique.
  5334 | D:5      | Found Gimaruokk's Assorted Antiques.
  5811 | D:6      | Learned a level 4 spell: Flame Wave
  5964 | D:6      | Reached XP level 9. HP: 50/65 MP: 12/18
  6187 | D:6      | Found a staircase to the Ecumenical Temple.
  6206 | Temple   | Entered the Ecumenical Temple
  6467 | D:6      | Found a stormy altar of Qazlal.
  6789 | D:6      | HP: 1/65 [orc warrior/+0 short sword (11)]
  7360 | D:7      | Reached skill level 8 in Conjurations
  7720 | D:7      | Found a runed translucent gate.
  7720 | D:7      | Identified the +0 plate armour of Entitlement {Slay+3}
  7721 | D:7      | Noticed cookedgoose's ghost (novice FoEE)
  7721 | D:7      | Found a runed translucent gate.
  7722 | D:7      | Found a runed translucent gate.
  8647 | D:7      | Reached skill level 5 in Invocations
  8790 | Temple   | Became a worshipper of Sif Muna the Loreminder
  8988 | D:7      | Mangled by an orc warrior

Illustrated notes

Levels and vault maps discovered:
D:1:      roderic_octagonal_star, layout_loops_ring
D:2:      layout_basic, serial_shops, shop, hangedman_feature_mirror,
          minmay_stone_trees_medium
D:3:      layout_rooms, portal_sewer_entry_a, goddamned_bats, uniq_jessica,
          uniq_natasha, uniq_grinder
D:4:      layout_gridville, uniq_sigmund
D:5:      corexii_shantytown, layout_basic, serial_shops,
          nicolae_shop_statue_plus, shop_fountains, kennysheep_mini, shop,
          nicolae_shop_trees
D:6:      layout_loops_cross, nicolae_qazlal_style_of_elements,
          minmay_temple_entry_statues, wad_floor_pattern_2
D:7:      layout_cave_pods, biasface_ghost_orc_armoury, minmay_checkerbox
Temple:   dpeg_three_leaves_temple

Skill      XL: |  1  2  3  4  5  6  7  8  9 |
---------------+----------------------------+-----
Spellcasting   | 5 6 |  6.8
Invocations    | 1 2 3 4 5 |  5.0
Fighting       | 1 2 3 4 |  4.5
Short Blades   | 1 2 3 4 |  4.5
Long Blades    | 1 2 3 4 |  4.5
Axes           | 1 2 3 4 |  4.5
Maces & Flails | 1 2 3 4 |  4.5
Polearms       | 1 2 3 4 |  4.5
Staves         | 1 2 3 4 |  4.5
Slings         | 1 2 3 4 |  4.5
Bows           | 1 2 3 4 |  4.5
Crossbows      | 1 2 3 4 |  4.5
Throwing       | 1 2 3 4 |  4.5
Armour         | 1 2 3 4 |  4.5
Shields        | 1 2 3 4 |  4.5
Unarmed Combat | 1 2 3 4 |  4.5
Evocations     | 1 2 3 4 |  4.5
Hexes          | 1 2 3 |  3.7
Summonings     | 1 2 3 |  3.7
Necromancy     | 1 2 3 |  3.7
Translocations | 1 2 3 |  3.7
Transmutations | 1 2 3 |  3.7
Fire Magic     | 1 2 3 |  3.7
Ice Magic      | 1 2 3 |  3.7
Air Magic      | 1 2 3 |  3.7
Earth Magic    | 1 2 3 |  3.7
Poison Magic   | 1 2 3 |  3.7
Dodging        | 5 6 |  6.5
Stealth        | 5 6 |  6.2
Conjurations   | 8 |  8.1

Action                   |  1- 3 |  4- 6 |  7- 9 || total
-------------------------+-------+-------+-------++-------
Melee: War axe           |    11 |     3 |       ||    14
       Bite              |     2 |     1 |    39 ||    42
       Dagger            |       |    17 |   207 ||   224
       Punch             |       |     1 |     6 ||     7
       Staff             |       |       |    52 ||    52
 Cast: Magic Dart        |    51 |    36 |   119 ||   206
       Searing Ray       |     2 |    10 |    76 ||    88
       Foxfire           |       |       |    31 ||    31
       Animate Skeleton  |       |       |     1 ||     1
       Passwall          |       |       |     3 ||     3
       Flame Wave        |       |       |     1 ||     1
  Use: Scroll            |     1 |       |    14 ||    15
       Potion            |       |       |     6 ||     6
 Stab: Sleeping          |       |       |     5 ||     5
Armor: Robe              |    12 |    12 |   157 ||   181
Dodge: Dodged            |    14 |    26 |   271 ||   311
